 Dungeon Crawl Stone Soup version 0.21.1-1-g345015fe64 (webtiles) character file.

2837 Gargoyl the Chopper (level 9, -2/74 HPs)
             Began as a Centaur Abyssal Knight on Apr 5, 2018.
             Was a Priest of Lugonu.
             Slain by a killer bee (6 damage)
             ... on level 7 of the Dungeon.
             The game lasted 00:14:08 (8754 turns).

Gargoyl the Chopper (Centaur Abyssal Knight)        Turns: 8754, Time: 00:14:09

Health: -2/74      AC: 20    Str: 17    XL:     9   Next: 45%
Magic:  9/13       EV:  1    Int: 11    God:    Lugonu [***...]
Gold:   319        SH:  4    Dex: 12    Spells: 8/8 levels left

rFire    . . .     SeeInvis .   a - +1 hand axe (flame)
rCold    . . .     Gourm    .   b - +0 buckler
rNeg     . . .     Faith    .   n - +0 plate armour
rPois    .         Spirit   .   (helmet restricted)
rElec    .         Reflect  .   l - +0 cloak
rCorr    .         Harm     .   (no gloves)
MR       +....                  e - +3 centaur barding {Fly}
Stlth    ..........             (no amulet)
HPRegen  0.22/turn              (no ring)
MPRegen  0.13/turn              (no ring)

@: lethally poisoned (-2 -> -19), flying, very quick
A: large, hooves 3, horns 1, blink, deformed body, speed 2, magic resistance 1,
strong 1, tough skin 3
a: Blink, Depart the Abyss, Bend Space, Banish, Renounce Religion, Stop Flying


You were on level 7 of the Dungeon.
You worshipped Lugonu.
Lugonu was most pleased with you.
You were not hungry.

You visited 1 branch of the dungeon, and saw 7 of its levels.
You visited the Abyss 1 time.

You collected 319 gold pieces.

Inventory:

Hand Weapons
 a - a +1 hand axe of flaming (weapon)
Missiles
 h - 8 tomahawks of returning (quivered)
Armour
 b - a +0 buckler (worn)
 e - a +3 centaur barding of flying (worn)
 g - a +0 helmet
 l - a +0 cloak (worn)
 n - a +0 plate armour (worn)
Wands
 m - a wand of iceblast (9)
 p - a wand of polymorph (23)
Scrolls
 d - 3 scrolls of remove curse
 f - a scroll of identify
 q - a scroll of vulnerability {unknown}
 t - a scroll of fog
 u - a scroll of fear
Potions
 i - a potion of agility
 j - a potion of cancellation
 k - a potion of degeneration {unknown}
 o - a potion of ambrosia
 r - a potion of lignification {unknown}
 s - a potion of flight {unknown}
Books
 v - a book of Conjurations

   Spells                             Type                      Level
   a - Magic Dart                     Conjuration                  1
   b - Searing Ray                    Conjuration                  2
   c - Dazzling Spray                 Conjuration/Hexes            3
   d - Fulminant Prism                Conjuration/Hexes            4
   e - Force Lance                    Conjuration/Translocation    4
   f - Iskenderun's Mystic Blast      Conjuration                  4
Comestibles
 c - 11 rations
 w - 4 chunks of flesh


   Skills:
 + Level 5.4 Fighting
 + Level 6.5 Axes
 + Level 0.6 Throwing
 * Level 6.3 Armour
 + Level 1.6 Dodging
 + Level 1.6 Shields
 * Level 5.8 Invocations


You had 8 spell levels left.
You didn't know any spells.

Dungeon Overview and Level Annotations

Branches:
Dungeon (7/15)             Temple (0/1) D:7

Altars:
Dithmenos
Makhleb
Qazlal
Uskayaw


Innate Abilities, Weirdness & Mutations

You have hooves in place of feet.
Armour fits poorly on your strangely shaped body.
You cover ground very quickly.
You have extremely tough skin. (AC +3)
You have a pair of small horns on your head.
You can translocate small distances at will.
You are resistant to hostile enchantments. (MR+)
Your muscles are strong. (Str +2)


Message History

Aim: a killer bee (moderately wounded, chance to defeat MR: 89%)
The killer bee is devoured by a tear in reality.
Lugonu claims a new guest.
You feel somewhat more hungry.
You can no longer corrupt the fabric of space.
* * * LOW HITPOINT WARNING * * *
You feel sick.
The killer bee stings you but does no damage. x3
The killer bee stings you.
* * * LOW HITPOINT WARNING * * *
You are more poisoned.
The killer bee poisons you!
Press: ? - help, Shift-Dir - straight line, f - killer bee
Aim: a killer bee (moderately wounded, chance to defeat MR: 89%)
You fail to use your ability.
* * * LOW HITPOINT WARNING * * *
You feel sick. You block the killer bee's attack.
The killer bee stings you but does no damage.
The killer bee stings you.
You die...

.....# #..# #..........#.......
.....####'### #..........#(......
......#.....####'##.###..#.......
#####.#.⌠.⌠.#.....#.# ..##....##
.+..>..'.....+.. .<#....#.
##.⌠.⌠.#...†.#..# .+....'<
#.....#.....#######+#)...#.
###+###..yy†.............#.
#........§@..............#.
#.......§.§..............#.
#........................#.
#........................#+
#...........######+###+#...
#####.....s.# #... #.......# ...
#.......# #... #.......# ####...


You could see a scorpion and 2 killer bees.

Vanquished Creatures
  Sigmund (D:2)
  2 sky beasts
  2 orc warriors
  3 ice beasts
  2 phantoms
  An ogre (D:6)
  A crocodile (D:7)
  3 bullfrogs
  3 scorpions
  2 killer bees (D:7)
  4 wights (D:6)
  A crimson imp (D:5)
  2 quasits
  3 hounds
  2 jellies (D:7)
  5 orc wizards
  3 orc priests
  5 worker ants
  A worker ant zombie (D:7)
  A howler monkey skeleton (D:4)
  4 gnolls (D:2)
  13 adders
  A shadow imp (D:7)
  2 oozes
  An adder skeleton (D:7)
  2 worms
  3 dart slugs
  5 leopard geckos
  16 orcs
  6 giant cockroaches
  10 goblins
  6 hobgoblins
  16 jackals
  5 quokkas
  A ball python skeleton (D:4)
  8 bats
  4 frilled lizards
  9 kobolds
  A leopard gecko skeleton (D:5)
  A quokka skeleton (D:7)
  6 rats
167 creatures vanquished.

Vanquished Creatures (others)
  The ghost of htuhola the Charmwright, a novice GnSk (D:5)
  A killer bee (D:7)
  A crimson imp (D:6)
  A lurking horror (Abyss:3)
4 creatures vanquished.

Grand Total: 171 creatures vanquished

Notes
Turn   | Place    | Note
-------+----------+-------------------------------------------
     0 | Abyss:1  | Gargoyl the Centaur Abyssal Knight began the quest for the Orb.
     0 | Abyss:1  | Reached XP level 1. HP: 19/19 MP: 2/2
    38 | Abyss:1  | Noticed a large abomination
    59 | Abyss:1  | Noticed a lich
   139 | Abyss:1  | Found a corrupted altar of Lugonu.
   173 | Abyss:2  | Found a corrupted altar of Lugonu.
   177 | Abyss:2  | Noticed a large abomination
   192 | Abyss:3  | Identified a scroll of acquirement
   207 | Abyss:3  | Noticed a large abomination
   211 | D:1      | Escaped the Abyss
   297 | D:1      | Reached * piety under Lugonu
   339 | D:1      | Reached XP level 2. HP: 26/26 MP: 3/3
   602 | D:1      | Reached XP level 3. HP: 31/31 MP: 4/4
  1136 | D:2      | Reached XP level 4. HP: 38/40 MP: 5/5
  1151 | D:2      | Noticed Sigmund
  1168 | D:2      | Killed Sigmund
  1168 | D:2      | Reached skill level 1 in Dodging
  1168 | D:2      | Reached XP level 5. HP: 10/46 MP: 5/7
  1539 | D:2      | Reached XP level 6. HP: 39/52 MP: 8/8
  1588 | D:2      | Reached ** piety under Lugonu
  2850 | D:3      | Found a shadowy altar of Dithmenos.
  4125 | D:4      | Reached XP level 7. HP: 37/59 MP: 9/9
  4672 | D:5      | Entered Level 5 of the Dungeon
  4813 | D:5      | Found a burning altar of Makhleb.
  4836 | D:5      | Reached *** piety under Lugonu
  5158 | D:5      | Noticed htuhola's ghost (novice GnSk)
  5160 | D:5      | Banished htuhola's ghost
  5348 | D:5      | Reached skill level 5 in Axes
  5348 | D:5      | Reached XP level 8. HP: 37/67 MP: 11/11
  5649 | D:4      | Found a hide-covered altar of Uskayaw.
  5816 | D:5      | Reached skill level 1 in Shields
  6390 | D:6      | Reached skill level 5 in Invocations
  6771 | D:6      | Gained mutation: You can translocate small distances at will. [potion of mutation]
  6771 | D:6      | Gained mutation: Your muscles are strong. (Str +2) [potion of mutation]
  6771 | D:6      | Gained mutation: You have a pair of small horns on your head. [potion of mutation]
  6771 | D:6      | Gained mutation: You are resistant to hostile enchantments. (MR+) [potion of mutation]
  6782 | D:6      | Reached skill level 5 in Armour
  7019 | D:6      | Reached skill level 5 in Fighting
  7522 | D:7      | Found a stormy altar of Qazlal.
  7529 | D:7      | Reached XP level 9. HP: 34/74 MP: 12/12
  8189 | D:7      | HP: 3/74 [poisoned by a killer bee]
  8197 | D:7      | HP: 3/74 [poisoned by a killer bee]
  8205 | D:7      | HP: 3/74 [poisoned by a killer bee]
  8678 | D:7      | Found a staircase to the Ecumenical Temple.
  8701 | D:7      | Reached **** piety under Lugonu
  8754 | D:7      | Slain by a killer bee

Skill      XL: |  1  2  3  4  5  6  7  8  9 |
---------------+----------------------------+-----
Axes           | 2 3 4 5 6 |  6.5
Fighting       | 4 5 |  5.4
Armour         | 2 3 4 5 6 |  6.3
Dodging        | 1 |  1.6
Invocations    | 3 4 5 |  5.8
Shields        | 1 |  1.6
Throwing       | |  0.6

Action                   |  1- 3 |  4- 6 |  7- 9 || total
-------------------------+-------+-------+-------++-------
Melee: Hand axe          |    94 |   245 |   478 ||   817
       Kick              |    11 |    40 |   105 ||   156
       Headbutt          |       |       |    27 ||    27
Throw: Tomahawk          |       |       |     7 ||     7
Invok: Depart the Abyss  |     1 |       |       ||     1
       Banish            |       |       |     3 ||     3
       Bend Space        |       |       |     1 ||     1
  Use: Scroll            |     7 |     6 |     9 ||    22
       Potion            |     1 |     2 |     3 ||     6
  Eat: Chunk             |       |     8 |    15 ||    23
Armor: Leather armour    |    15 |       |       ||    15
       Ring mail         |    65 |   100 |       ||   165
       Plate armour      |       |    86 |   655 ||   741
Dodge: Dodged            |    37 |    47 |    30 ||   114
Block: Buckler           |       |    17 |    97 ||   114
